 Dungeon Crawl Stone Soup version 0.19.5 (webtiles) character file.

2902 Kisielow the Nimble (level 9, -3/71 HPs)
             Began as a Merfolk Transmuter on May 22, 2017.
             Was a Follower of Qazlal.
             Slain by a hog (13 damage)
             ... on level 7 of the Dungeon.
             The game lasted 00:16:45 (7386 turns).

Kisielow the Nimble (Merfolk Transmuter)            Turns: 7386, Time: 00:16:45

Health: -3/71      AC:  2    Str: 12    XL:     9   Next: 78%
Magic:  7/12       EV: 31    Int: 22    God:    Qazlal [*.....]
Gold:   414        SH:  2    Dex: 20    Spells: 2 memorised, 8 levels left

rFire  + . .     SeeInvis .       - Unarmed
rCold  x . .     Gourm    .     (armour currently unavailable)
rNeg   + + +     Faith    .     (shield currently unavailable)
rPois  .         Spirit   .     (helmet currently unavailable)
rElec  +         Reflect  .     (cloak currently unavailable)
rCorr  .         Harm     .     (gloves currently unavailable)
MR     .....     Rnd*Tele +     (boots currently unavailable)
Stlth  ++........               (no amulet)
                                x - ring of Onlesh {*Tele Str+2 Int+10}
                                C - ring "Ypniuk" {Fire rElec rPois rN+++ Int-3}

@: spider-form, very slightly contaminated
A: (change form in water), (swift swim), (stealthy swim)
a: End Transformation, Renounce Religion


You were on level 7 of the Dungeon.
You worshipped Qazlal.
Qazlal was aware of your devotion.
You were hungry.
You were a venomous arachnid creature.
You visited 2 branches of the dungeon, and saw 8 of its levels.

You collected 414 gold pieces.

Inventory:

Missiles
 a - 100 arrows
Armour
 b - a +1 robe (melded)
Jewellery
 g - a +3 ring of intelligence {unknown}
 k - an uncursed ring of protection from magic
 s - an uncursed ring of protection from magic
 v - an uncursed ring of protection from magic
 x - the ring of Onlesh (right front leg) {*Tele Str+2 Int+10}
   (You found it on level 5 of the Dungeon)

   [ring of teleportation]

   It may teleport you next to monsters.
   It affects your strength (+2).
   It affects your intelligence (+10).
 C - the ring "Ypniuk" (left front leg) {Fire rElec rPois rN+++ Int-3}
   (You found it on level 7 of the Dungeon)

   [ring of fire]

   It enhances your fire magic.
   It affects your intelligence (-3).
   It protects you from fire.
   It makes you vulnerable to cold.
   It insulates you from electricity.
   It protects you from poison.
   It renders you almost immune to negative energy.
Wands
 l - a wand of disintegration (17/24)
 p - a wand of teleportation (2/9)
 z - a wand of flame (34/48)
Scrolls
 o - 4 scrolls of blinking
 r - 3 scrolls of remove curse
 w - a scroll of immolation {unknown}
 y - 3 scrolls of identify
 A - a scroll of magic mapping {unknown}
 D - a scroll of acquirement {unknown}
 E - 3 scrolls of fog
Potions
 e - 2 potions of curing {unknown}
 i - a potion of agility {unknown}
 j - 3 potions of lignification
 n - 5 potions of ambrosia
 t - 6 potions of heal wounds
 u - a potion of invisibility {unknown}
 F - a potion of flight {unknown}
Books
 c - a book of Changes

   Spells                             Type                      Level
   a - Beastly Appendage              Transmutation                1
   b - Sticks to Snakes               Transmutation                2
   c - Spider Form                    Transmutation/Poison         3
   d - Ice Form                       Ice/Transmutation            4
   e - Blade Hands                    Transmutation                5
 q - a book of Maledictions

   Spells                             Type                      Level
   a - Corona                         Hexes                        1
   b - Ensorcelled Hibernation        Hexes/Ice                    2
   c - Confuse                        Hexes                        3
   d - Tukima's Dance                 Hexes                        3
   e - Dazzling Spray                 Conjuration/Hexes            3
Comestibles
 d - 3 bread rations
 f - 3 fruits
 h - 2 beef jerkies
 m - 4 meat rations


   Skills:
 - Level 6.4 Fighting
 - Level 11.0 Dodging
 - Level 8.1 Unarmed Combat
 - Level 2.0 Spellcasting
 * Level 6.7 Transmutations
 + Level 0.9 Invocations
 + Level 0.8 Evocations


You had 8 spell levels left.
You knew the following spells:

 Your Spells              Type           Power        Failure   Level  Hunger
a - Beastly Appendage     Tmut           ####..       4%          1    #......
q - Spider Form           Tmut/Pois      ###.......   28%         3    ###....


Dungeon Overview and Level Annotations

Branches:
Dungeon (7/15)             Temple (1/1) D:6

Altars:
Ashenzari
Cheibriados
Dithmenos
Elyvilon
Fedhas
Gozag
Kikubaaqudgha
Makhleb
Nemelex Xobeh
Okawaru
Qazlal
Ru
Sif Muna
Trog
Uskayaw
Vehumet
Xom
Yredelemnul
Zin
The Shining One

Shops:
D:5 :


Message History

The human completely misses you.
You bite the hog!
You kill the hog!
Qazlal accepts your kill. The hog completely misses you. The hog misses you.
The hog completely misses you. The human hits you with a hand axe.
The hog completely misses you.
You bite the hog!
The hog is poisoned.
The hog is moderately wounded.
The hog completely misses you. The hog closely misses you.
The hog completely misses you. The hog misses you. The hog bites you!
* * * LOW HITPOINT WARNING * * *
You are too injured to fight recklessly!
You are too injured to fight recklessly!
You hit the human.
The human is poisoned.
The human is lightly wounded.
The human hits you with a hand axe.
* * * LOW HITPOINT WARNING * * *
The hog completely misses you. The hog misses you. The hog bites you!
You die...

...(.............(.## ##()###.#
..................#.###(#...#.#
#
.#..#######.##...#<#.#.####.#?#
# ....# #. ########.## #.#.# #
.#..# #. +...%%#### #.#.# #
###.# #(...%# #.#.# # .#..#
###'### #.#.# # ....# #.†ph.#
#.#.# # ..###
#.hsh.########.#.# #
..#######.. #######........#.#
# ........... ##########.###
..........# #.... #.#########
##### #.# #.###############.
#.......[.........
##################


You could see 3 hogs and a human.

Vanquished Creatures
  The ghost of teko the Cudgeler, a novice GrFi (D:4)
  A wyvern (D:6)
  A hog (D:7)
  Duvessa (D:4)
  An ice beast (D:6)
  3 phantoms
  2 ogres
  2 centaurs
  Blork the orc (D:5)
  2 big kobolds
  A bullfrog (D:6)
  Dowan (D:4)
  2 scorpions
  A water moccasin skeleton (D:6)
  4 wights (D:6)
  2 howler monkeys
  A centaur zombie (D:7)
  2 crimson imps (D:6)
  2 hounds
  A bullfrog zombie (D:6)
  A jelly (D:7)
  2 centaur skeletons
  3 orc wizards
  Crazy Yiuf (D:2)
  A bullfrog skeleton (D:7)
  An iguana (D:4)
  Natasha (twice) (D:4)
  3 worker ants
  A killer bee zombie (D:7)
  A hound skeleton (D:6)
  A howler monkey zombie (D:5)
  A gnoll (D:5)
  8 adders
  2 shadow imps (D:6)
  2 oozes
  An adder zombie (D:5)
  5 worms
  A dart slug (D:4)
  5 leopard geckos
  14 orcs
  2 ball pythons
  6 bats
  3 giant cockroaches
  9 hobgoblins
  A quokka (D:7)
  5 frilled lizards
  11 goblins
  32 kobolds
  A quokka skeleton (D:5)
  11 rats
  A plant (D:5)
170 creatures vanquished.

Notes
Turn   | Place    | Note
-------+----------+-------------------------------------------
     0 | D:1      | Kisielow the Merfolk Transmuter began the quest for the Orb.
     0 | D:1      | Reached XP level 1. HP: 15/15 MP: 3/3
   308 | D:1      | Reached XP level 2. HP: 19/21 MP: 5/5
   967 | D:1      | HP: 1/21 [leopard gecko (4)]
   968 | D:1      | Reached XP level 3. HP: 2/26 MP: 6/6
  1361 | D:1      | Learned a level 3 spell: Spider Form
  1611 | D:2      | Found a runed door.
  1991 | D:2      | Reached skill level 5 in Unarmed Combat
  2237 | D:2      | Reached XP level 4. HP: 19/32 MP: 7/7
  3181 | D:3      | Found a sacrificial altar of Ru.
  3365 | D:4      | Reached skill level 5 in Transmutations
  3365 | D:4      | Reached XP level 5. HP: 37/37 MP: 4/8
  3380 | D:4      | Found a shattered altar of Ashenzari.
  3569 | D:4      | Noticed Duvessa
  3576 | D:4      | Noticed Dowan
  3580 | D:4      | Killed Duvessa
  3580 | D:4      | Reached skill level 3 in Dodging
  3580 | D:4      | Reached XP level 6. HP: 34/44 MP: 3/9
  3586 | D:4      | Killed Dowan
  3586 | D:4      | Reached skill level 4 in Dodging
  3895 | D:4      | Noticed teko's ghost (novice GrFi)
  4032 | D:2      | Noticed Crazy Yiuf
  4038 | D:2      | Killed Crazy Yiuf
  4038 | D:2      | Reached XP level 7. HP: 40/51 MP: 6/10
  4214 | D:4      | Reached skill level 5 in Dodging
  4374 | D:5      | Entered Level 5 of the Dungeon
  4430 | D:5      | Found Uprur's Book Shoppe.
  4564 | D:5      | Noticed Blork the orc
  4573 | D:5      | Killed Blork the orc
  4573 | D:5      | Reached skill level 6 in Dodging
  4660 | D:5      | Got a clouded marble ring
  4861 | D:5      | Reached XP level 8. HP: 51/60 MP: 8/11
  5111 | D:5      | Identified the ring of Onlesh {*Tele Str+2 Int+10} (You found it on level 5 of the Dungeon)
  5150 | D:6      | Noticed a wyvern
  5162 | D:6      | Killed a wyvern
  5162 | D:6      | Reached skill level 7 in Dodging
  5325 | D:6      | Found a staircase to the Ecumenical Temple.
  5333 | D:6      | Reached skill level 8 in Dodging
  5347 | Temple   | Entered the Ecumenical Temple
  5581 | Temple   | Became a worshipper of Qazlal Stormbringer
  5876 | D:6      | Found an ancient bone altar of Kikubaaqudgha.
  5897 | D:6      | Reached skill level 5 in Fighting
  5932 | D:6      | Reached skill level 9 in Dodging
  5938 | D:6      | Reached XP level 9. HP: 53/68 MP: 9/12
  6233 | D:4      | Noticed Natasha
  6235 | D:4      | Killed Natasha
  6393 | D:4      | Noticed Natasha
  6417 | D:4      | Killed Natasha
  6417 | D:4      | Reached skill level 10 in Dodging
  6419 | D:4      | Killed teko's ghost
  6745 | D:7      | Reached * piety under Qazlal
  6760 | D:7      | Got a translucent silver ring
  6807 | D:7      | Identified the ring "Ypniuk" {Fire rElec rPois rN+++ Int-3} (You found it on level 7 of the Dungeon)
  7094 | D:7      | Found a shimmering altar of Xom.
  7096 | D:7      | Found a glowing silver altar of Zin.
  7097 | D:7      | Found a white marble altar of Elyvilon.
  7123 | D:7      | Found a bloodstained altar of Trog.
  7126 | D:7      | Found a snail-covered altar of Cheibriados.
  7191 | D:7      | Reached skill level 11 in Dodging
  7386 | D:7      | Slain by a hog

Skill      XL: |  1  2  3  4  5  6  7  8  9 |
---------------+----------------------------+-----
Unarmed Combat | 4 5 6 7 8 |  8.1
Transmutations | 3 5 6 |  6.7
Dodging        | 3 4 6 9 11 | 11.0
Fighting       | 2 3 5 6 |  6.4
Spellcasting   | |  2.0
Invocations    | |  0.9
Evocations     | |  0.8

Action                   |  1- 3 |  4- 6 |  7- 9 || total
-------------------------+-------+-------+-------++-------
Melee: Unarmed           |   158 |   123 |   447 ||   728
       Punch             |     1 |       |     5 ||     6
       Tailslap          |       |       |     2 ||     2
 Cast: Spider Form       |     2 |    11 |    28 ||    41
  Use: Scroll            |       |    10 |     4 ||    14
 Stab: Sleeping          |     1 |       |     2 ||     3
       Distracted        |     1 |       |     1 ||     2
  Eat: Chunk             |     5 |     7 |    14 ||    26
Armor: Robe              |    15 |    11 |     3 ||    29
       Skin              |     1 |     3 |     4 ||     8
Dodge: Dodged            |    96 |    82 |   384 ||   562
Block: Other             |       |       |     5 ||     5
